 Dungeon Crawl Stone Soup version 0.25.1-2-g60ff931df9 (webtiles) character file.

Game seed: 16639633836028526522

1282 shishis the Cleaver (level 8, 0/68 HPs)
             Began as a Minotaur Fighter on Nov 11, 2020.
             Slain by an ogre
             ... wielding a +0 giant club
              (25 damage)
             ... on level 7 of the Dungeon.
             The game lasted 00:14:22 (4482 turns).

shishis the Cleaver (Minotaur Fighter)              Turns: 4482, Time: 00:14:22

Health: 0/68       AC: 11    Str: 23    XL:     8   Next: 29%
Magic:  7/7        EV:  9    Int:  5    God:
Gold:   191        SH: 10    Dex: 10    Spells: 7/7 levels left

rFire    . . .     SeeInvis .   a - +1 war axe
rCold    + . .     Gourm    .   o - +0 kite shield
rNeg     . . .     Faith    .   b - +0 scale mail
rPois    .         Spirit   .   (helmet restricted)
rElec    .         Reflect  .   B - +1 cloak {MR+}
rCorr    .         Harm     .   (no gloves)
MR       +....     Rnd*Tele +   y - +0 pair of boots
Stlth    ..........             (no amulet)
HPRegen  0.21/turn              s - ring of protection from cold
MPRegen  0.10/turn              p - ring of teleportation (curse)

@: no status effects
A: retaliatory headbutt, horns 2
a: no special abilities


You were on level 7 of the Dungeon.
You were not hungry.

You visited 1 branch of the dungeon, and saw 5 of its levels.

You collected 191 gold pieces.

Inventory:

Hand Weapons
 a - a +1 war axe (weapon)
 e - a +0 whip
 n - a +0 hand axe
 C - a +1 mace of protection
Missiles
 h - 97 arrows
Armour
 b - a +0 scale mail (worn)
 c - a +0 kite shield
 l - a +0 ring mail
 m - a cursed +0 ring mail
 o - a +0 kite shield (worn)
 y - a +0 pair of boots (worn)
 A - a +0 leather armour
 B - a +1 cloak of magic resistance (worn)
Jewellery
 p - a cursed ring of teleportation (right hand)
 s - a ring of protection from cold (left hand)
 v - an uncursed ring of resist corrosion {unknown}
 x - an uncursed ring of resist corrosion {unknown}
Scrolls
 g - a scroll of enchant armour {unknown}
 i - a scroll of identify
 k - 2 scrolls of amnesia
Potions
 d - a potion of might
 j - a potion of resistance {unknown}
 q - a potion of ambrosia {unknown}
 t - a potion of brilliance {unknown}
 u - a potion of curing {unknown}
 w - a potion of haste {unknown}
Comestibles
 f - 10 rations
 r - 2 chunks of flesh


   Skills:
 + Level 5.1 Fighting
 * Level 8.9(9.3) Axes
 * Level 4.0(6.9) Maces & Flails
 + Level 5.5 Armour
 + Level 2.3 Dodging
 + Level 5.0 Shields
 + Level 0.8 Unarmed Combat


You had 7 spell levels left.
You didn't know any spells.
Your spell library was empty.

Dungeon Overview and Level Annotations

Branches:
Dungeon (7/15)             Temple (0/1) D:6

Altars:


Innate Abilities, Weirdness & Mutations

You reflexively headbutt those who attack you in melee.
You have a pair of horns on your head.


Message History

The ogre shouts!
You hear a shout!
The centaur shoots an arrow.
The arrow hits you.
You see here 2 arrows.
An orc comes into view.
The orc shouts!
You see here an arrow.
The centaur shoots an arrow.
The arrow hits you.
You hear a shout!
You see here an arrow.
The centaur shoots an arrow.
You block the arrow.
You see here an arrow.
The centaur shoots an arrow.
The arrow closely misses you.
You see here an arrow.
You open the door.
Found 21 arrows.
There is an open door here.
You slice the ogre!! You headbutt the ogre.
The ogre is severely wounded.
The ogre hits you with a +0 giant club!!
You die...

.....####+###
#...........#
...........
.......(......#
............
######+########
............###
...............##+##
...................#
...)...............####
.......#####.......(..+
###....# #@# o
#O######.# #co...o..#
#.(....... ###(.......
#(([....... ###........
#........ #........


You could see an ogre, a centaur and an orc.

Vanquished Creatures
  3 sky beasts (D:7)
  An ogre (D:6)
  A black bear (D:7)
  A necrophage (D:6)
  A centaur (D:6)
  3 bullfrogs (D:6)
  A jelly (D:7)
  Crazy Yiuf (D:2)
  3 hounds (D:7)
  3 orc wizards (D:6)
  Ijyb (D:3)
  3 worker ants
  3 adders
  2 worms (D:2)
  3 dart slugs (D:1)
  4 leopard geckos
  13 orcs
  6 bats
  2 giant cockroaches
  6 hobgoblins
  2 jackals (D:6)
  3 quokkas
  A ball python (D:2)
  2 frilled lizards
  10 goblins
  10 kobolds
  6 rats
95 creatures vanquished.

Notes
Turn   | Place    | Note
-------+----------+-------------------------------------------
     0 | D:1      | shishis the Minotaur Fighter began the quest for the Orb.
     0 | D:1      | Reached XP level 1. HP: 19/19 MP: 0/0
   125 | D:1      | Reached XP level 2. HP: 27/27 MP: 1/1
   578 | D:1      | Reached XP level 3. HP: 29/33 MP: 2/2
   595 | D:1      | Reached skill level 3 in Axes
  1172 | D:2      | Found a runed translucent door.
  1173 | D:2      | Noticed Crazy Yiuf
  1268 | D:2      | Reached skill level 1 in Maces & Flails
  2115 | D:2      | Reached XP level 4. HP: 35/40 MP: 3/3
  2626 | D:2      | Killed Crazy Yiuf
  2626 | D:2      | Reached skill level 4 in Axes
  2776 | D:3      | Noticed Ijyb
  2877 | D:3      | Killed Ijyb
  2877 | D:3      | Reached XP level 5. HP: 19/46 MP: 4/4
  3165 | D:3      | You fall into a shaft and drop 3 floors!
  3165 | D:6      | Found a staircase to the Ecumenical Temple.
  3165 | D:6      | Noticed an ogre
  3176 | D:6      | Reached skill level 5 in Axes
  3176 | D:6      | Reached skill level 1 in Dodging
  3182 | D:6      | Killed an ogre
  3182 | D:6      | Reached skill level 6 in Axes
  3182 | D:6      | Reached XP level 6. HP: 40/53 MP: 5/5
  3507 | D:6      | Reached skill level 5 in Armour
  3517 | D:6      | Reached XP level 7. HP: 39/60 MP: 6/6
  3657 | D:6      | Reached skill level 7 in Axes
  4328 | D:7      | Reached skill level 8 in Axes
  4343 | D:7      | Reached XP level 8. HP: 56/67 MP: 7/7
  4453 | D:7      | Reached skill level 5 in Fighting
  4471 | D:7      | Reached skill level 5 in Shields
  4482 | D:7      | Slain by an ogre

Illustrated notes

Levels and vault maps discovered:
D:1:      dpeg_arrival_tiny_a, layout_loops_ring
D:2:      layout_basic, uniq_crazy_yiuf_cottage
D:3:      layout_loops_cross, uniq_ijyb
D:6:      layout_rooms, minmay_temple_entry_stoned_glass, corexii_shack
D:7:      layout_basic, grunt_ogre_cave

Skill      XL: |  1  2  3  4  5  6  7  8 |
---------------+-------------------------+-----
Fighting       | 4 5 |  5.1
Shields        | 4 5 |  5.0
Armour         | 4 5 |  5.5
Axes           | 3 4 6 8 |  8.9
Maces & Flails | 1 2 3 4 |  4.0
Dodging        | 1 2 |  2.3
Unarmed Combat | |  0.8

Action                   |  1- 3 |  4- 6 |  7- 9 || total
-------------------------+-------+-------+-------++-------
Melee: War axe           |   108 |    74 |    75 ||   257
       Headbutt          |     9 |     8 |     9 ||    26
       Unarmed           |       |    39 |       ||    39
  Use: Scroll            |       |       |     6 ||     6
  Eat: Chunk             |     1 |     4 |     3 ||     8
       Ration            |     1 |       |       ||     1
Armor: Scale mail        |    64 |    43 |    45 ||   152
       Skin              |       |     4 |       ||     4
Dodge: Dodged            |    41 |    43 |    25 ||   109
Block: Kite shield       |    63 |    30 |    42 ||   135
